 Dungeon Crawl Stone Soup version 0.23.2-33-g5129a83184 (webtiles) character file.

Game seed: 11336449647188117916

956 Felnil the Fighter (level 7, -2/64 HPs)
             Began as a Mummy Fighter on Aug 12, 2019.
             Slain by a bullfrog (7 damage)
             ... on level 4 of the Dungeon.
             The game lasted 00:14:02 (5282 turns).

Felnil the Fighter (Mummy Fighter)                  Turns: 5282, Time: 00:14:03

Health: -2/64      AC:  6    Str: 22    XL:     7   Next: 91%
Magic:  7/7        EV:  7    Int:  7    God:
Gold:   167        SH:  9    Dex: 11    Spells: 6/6 levels left

rFire    x . .     SeeInvis .   a - +0 rapier
rCold    + . .     Gourm    .   c - +0 shield
rNeg     + + +     Faith    .   b - +0 scale mail
rPois    ∞         Spirit   .   (no helmet)
rElec    .         Reflect  .   (no cloak)
rCorr    .         Harm     .   (no gloves)
MR       +....                  (no boots)
Stlth    +.........             (no amulet)
HPRegen  0.20/turn              i - ring of protection from magic
MPRegen  0.10/turn              k - ring of stealth

@: no status effects
A: no food or potions, fire vulnerability, cold resistance 1, negative energy
resistance 3, torment resistance, unbreathing
a: no special abilities


You were on level 4 of the Dungeon.
You were not hungry.

You visited 1 branch of the dungeon, and saw 4 of its levels.

You collected 167 gold pieces.

Inventory:

Hand Weapons
 a - a +0 rapier (weapon)
Armour
 b - a +0 scale mail (worn)
 c - a +0 shield (worn)
Jewellery
 i - a ring of protection from magic (left hand)
 k - a ring of stealth (right hand)
Wands
 l - a wand of disintegration (1)
Scrolls
 d - a scroll of identify
 e - 2 scrolls of enchant weapon
 g - 2 scrolls of magic mapping
 h - a scroll of teleportation
 m - a scroll of remove curse


   Skills:
 + Level 9.6 Fighting
 - Level 1.5 Short Blades
 - Level 2.4 Armour
 - Level 2.4 Shields


You had 6 spell levels left.
You didn't know any spells.
Your spell library was empty.

Dungeon Overview and Level Annotations

Branches:
Dungeon (4/15)
 Temple: D:4-7

Altars:
Qazlal
Uskayaw
Yredelemnul
Zin


Innate Abilities, Weirdness & Mutations

You do not eat or drink.
Your flesh is vulnerable to fire.
You are immune to poison.
Your flesh is cold resistant. (rC+)
You are immune to negative energy. (rN+++)
You are immune to unholy pain and torment.
You can survive without breathing.


Message History

Menkaure hits you but does no damage.
Menkaure whispers drily.
Menkaure hits you.
* * * LOW HITPOINT WARNING * * *
As you read the scroll of teleportation, it crumbles to dust.
You feel strangely unstable. Menkaure barely misses you.
Menkaure closely misses you.
You puncture Menkaure!
You destroy Menkaure!
Your surroundings suddenly seem different.
Found 18 gold pieces.
You start resting.
The bullfrog is too close now for your liking.
The bullfrog croaks.
You block the bullfrog's attack.
The bullfrog hits you but does no damage.
You hit the bullfrog.
The bullfrog is lightly wounded.
You block the bullfrog's attack. The bullfrog hits you!
You die...

#.# #.# #.#
#.# ##.###.# #
#.....
#...#######..#
# #
#......@F....#
.#..
#...########.#
...## #
#.##..F$..
#.........
####......
...## .## #


You could see a bullfrog.

Vanquished Creatures
  Sigmund (D:3)
  The ghost of PeSeC the Covered, an amateur MiFi (D:3)
  Menkaure (D:4)
  Blork the orc (D:3)
  2 hounds (D:4)
  3 orc priests
  2 orc wizards
  Ijyb (D:3)
  A worker ant (D:4)
  A howler monkey skeleton (D:4)
  6 adders
  4 gnolls (D:3)
  4 worms (D:2)
  A dart slug (D:2)
  2 leopard geckos (D:1)
  9 orcs
  5 giant cockroaches
  4 goblins
  8 hobgoblins
  10 jackals
  11 kobolds
  3 quokkas
  10 bats
  7 frilled lizards
  12 rats
110 creatures vanquished.

Notes
Turn   | Place    | Note
-------+----------+-------------------------------------------
     0 | D:1      | Felnil the Mummy Fighter began the quest for the Orb.
     0 | D:1      | Reached XP level 1. HP: 18/18 MP: 1/1
   156 | D:1      | Reached XP level 2. HP: 19/24 MP: 2/2
   389 | D:1      | Reached skill level 4 in Fighting
   695 | D:1      | Reached XP level 3. HP: 30/30 MP: 3/3
  1343 | D:2      | Noticed a water elemental
  1345 | D:2      | Found a stormy altar of Qazlal.
  1350 | D:2      | Noticed an air elemental
  1360 | D:2      | Noticed a +0 dagger
  1360 | D:2      | Noticed a +0 hand axe
  1368 | D:2      | Found a hide-covered altar of Uskayaw.
  1485 | D:2      | Noticed a fire elemental
  1487 | D:2      | Noticed an earth elemental
  1499 | D:2      | Reached XP level 4. HP: 37/38 MP: 4/4
  1545 | D:2      | Reached skill level 5 in Fighting
  1813 | D:2      | Found a glowing silver altar of Zin.
  2002 | D:3      | Noticed Ijyb
  2180 | D:3      | Killed Ijyb
  2180 | D:3      | Reached XP level 5. HP: 20/46 MP: 5/5
  2498 | D:3      | Reached skill level 6 in Fighting
  2729 | D:3      | Noticed Sigmund
  3250 | D:3      | Killed Sigmund
  3250 | D:3      | Reached skill level 7 in Fighting
  3250 | D:3      | Reached XP level 6. HP: 55/55 MP: 6/6
  3364 | D:3      | Found a runed translucent door.
  3364 | D:3      | Noticed PeSeC's ghost (amateur MiFi)
  3385 | D:3      | Killed PeSeC's ghost
  3385 | D:3      | Reached skill level 8 in Fighting
  3385 | D:3      | Reached XP level 7. HP: 18/62 MP: 7/7
  3737 | D:4      | Noticed Blork the orc
  4320 | D:3      | Killed Blork the orc
  4320 | D:3      | Reached skill level 9 in Fighting
  4589 | D:4      | Found a basalt altar of Yredelemnul.
  4605 | D:4      | Noticed Menkaure
  5263 | D:4      | HP: 1/64 [Menkaure (5)]
  5268 | D:4      | Killed Menkaure
  5282 | D:4      | Slain by a bullfrog

Skill      XL: |  1  2  3  4  5  6  7 |
---------------+----------------------+-----
Fighting       | 4 5 7 8 9 |  9.6
Short Blades   | |  1.5
Armour         | |  2.4
Shields        | |  2.4

Action                   |  1- 3 |  4- 6 |  7- 9 || total
-------------------------+-------+-------+-------++-------
Melee: Rapier            |   145 |   217 |   139 ||   501
Evoke: Wand              |       |     3 |     3 ||     6
  Use: Scroll            |       |     7 |     3 ||    10
Armor: Scale mail        |    64 |    91 |    55 ||   210
Dodge: Dodged            |    40 |    75 |    40 ||   155
Block: Shield            |    73 |   118 |    80 ||   271
